 Dungeon Crawl Stone Soup version 0.25-a0-424-g80bd347ae0 (webtiles) character file.

Game seed: 17088674032497431883, levelgen mode: deterministic

1816 Elellon the Geomancer (level 9, -1/45 HPs)
             Began as a Gargoyle Earth Elementalist on Jan 22, 2020.
             Was a Follower of Vehumet.
             Slain by a death yak (17 damage)
             ... on level 9 of the Dungeon.
             The game lasted 00:22:10 (7291 turns).

Elellon the Geomancer (Gargoyle Earth Elementalist) Turns: 7291, Time: 00:22:11

Health: -1/45      AC:  9    Str: 13    XL:     9   Next: 10%
Magic:  10/19      EV: 11    Int: 18    God:    Vehumet [*.....]
Gold:   300        SH:  4    Dex: 10    Spells: 17/21 levels left

rFire    + . .     SeeInvis +   B - +0 flail (curse)
rCold    x . .     Gourm    .   n - +1 buckler
rNeg     + . .     Faith    .   c - +0 robe
rPois    ∞         Spirit   .   (no helmet)
rElec    +         Reflect  .   r - +0 cloak
rCorr    .         Harm     .   (no gloves)
MR       .....                  (no boots)
Stlth    ++........             (no amulet)
HPRegen  0.15/turn              k - ring of see invisible
MPRegen  0.16/turn              p - ring of fire

@: no status effects
A: negative energy resistance 1, electricity resistance, unbreathing,
petrification resistance, rot immunity, AC +6
a: Renounce Religion


You were on level 9 of the Dungeon.
You worshipped Vehumet.
Vehumet was aware of your devotion.
You were not hungry.

You visited 1 branch of the dungeon, and saw 8 of its levels.

You collected 300 gold pieces.

Inventory:

Hand Weapons
 y - a +2 mace of venom
 B - a cursed +0 flail (weapon)
Missiles
 j - 26 stones (quivered)
Armour
 c - a +0 robe (worn)
 n - a +1 buckler (worn)
 r - a +0 cloak (worn)
Jewellery
 k - a ring of see invisible (left hand)
 p - a ring of fire (right hand)
 z - an uncursed ring of wizardry {unknown}
Scrolls
 b - a scroll of remove curse
 f - 2 scrolls of teleportation
 q - a scroll of identify
 s - a scroll of fear
Potions
 a - a potion of heal wounds {unknown}
 e - a potion of flight {unknown}
 g - a potion of degeneration {unknown}
 h - a potion of agility {unknown}
 i - 3 potions of brilliance {unknown}
 l - a potion of lignification {unknown}
 m - a potion of mutation {unknown}
 o - a potion of curing {unknown}
 t - 2 potions of haste {unknown}
 w - a potion of cancellation {unknown}
Comestibles
 d - 12 rations
 A - 7 chunks of flesh


   Skills:
 - Level 1.5 Dodging
 - Level 2.1 Stealth
 + Level 6.7 Spellcasting
 + Level 5.8 Conjurations
   Level 0.7 Transmutations
 + Level 9.3 Earth Magic


You had 17 spell levels left.
You knew the following spells:

 Your Spells              Type           Power        Failure   Level  Hunger
a - Sandblast             Erth           #####.       1%          1    None
b - Stone Arrow           Conj/Erth      ####..       2%          3    ##.....

Your spell library contained the following spells:

 Spells                   Type           Power        Failure   Level  Hunger
 Foxfire                  Conj/Fire      ###.         5%          1    None
 Passwall                 Tmut/Erth      ###.....     3%          2    None
 Lee's Rapid Deconstruct  Erth           #####.....   11%         5    #####..
 Animate Skeleton         Necr           N/A          19%         1    None
 Apportation              Tloc           #.....       19%         1    None
 Corona                   Hex            #......      19%         1    None
 Summon Small Mammal      Summ           #...         19%         1    None
 Petrify                  Tmut/Erth      ###.....     24%         4    ####...


Dungeon Overview and Level Annotations

Branches:
Dungeon (9/15)
 Temple: D:4-7         Lair: D:8-11         Orc: D:9-12

Altars:
Gozag
Kikubaaqudgha
Makhleb
Qazlal
Vehumet
The Shining One

Shops:
D:4 [

Annotations:
D:6 1 transporter


Innate Abilities, Weirdness & Mutations

You are resistant to torment.
Your stone body is resilient. (AC +6)
You are immune to poison.
You resist negative energy. (rN+)
You are resistant to electric shocks. (rElec)
You can survive without breathing.
You are immune to petrification.
You are immune to rotting.


Message History

The stone arrow hits the death yak!
The death yak is lightly wounded.
The death yak gores you!
Casting: Stone Arrow (safe; 2% risk of failure)
Confirm with . or Enter, or press ? or * to list all spells.
Aiming: Stone Arrow (safe; 2% risk of failure)
Press: ? - help, Shift-Dir - straight line, f/p - death yak
Aim: a death yak (lightly wounded)
The stone arrow hits the death yak!!
The death yak is moderately wounded.
You block the death yak's attack.
Casting: Stone Arrow (safe; 2% risk of failure)
Confirm with . or Enter, or press ? or * to list all spells.
Aiming: Stone Arrow (safe; 2% risk of failure)
Press: ? - help, Shift-Dir - straight line, f/p - death yak
Aim: a death yak (moderately wounded)
The stone arrow hits the death yak!
The death yak is heavily wounded.
The death yak gores you!
You die...

#.. #.# #.#
#.###############
#................
#................
#................
#........@.......
#.........Y......
#...÷............
#................
#................
#................
#................
#..............!.
#..############


You could see a death yak.

Vanquished Creatures
  A hippogriff (D:9)
  2 black bears
  A phantom (D:6)
  An ogre (D:5)
  2 centaurs
  2 bullfrogs
  A gnoll sergeant (D:5)
  5 wights (D:5)
  4 crimson imps
  Crazy Yiuf (D:5)
  An orc priest (D:5)
  A bullfrog skeleton (D:5)
  A hound (D:6)
  An iguana (D:4)
  4 orc wizards
  4 worker ants
  2 hound skeletons
  5 gnolls
  5 adders
  4 oozes
  2 adder skeletons
  A dart slug (D:1)
  2 leopard geckos
  17 orcs
  A ball python (D:2)
  8 bats
  5 giant cockroaches
  12 hobgoblins
  4 jackals (D:5)
  2 quokkas
  8 frilled lizards
  6 goblins
  A goblin zombie (D:5)
  2 hobgoblin zombies (D:5)
  A jackal skeleton (D:5)
  6 kobolds
  A kobold skeleton (D:5)
  4 orc skeletons (D:5)
  2 orc zombies (D:5)
  9 rats
142 creatures vanquished.

Notes
Turn   | Place    | Note
-------+----------+-------------------------------------------
     0 | D:1      | Elellon the Gargoyle Earth Elementalist began the quest for
                  | the Orb.
     0 | D:1      | Reached XP level 1. HP: 10/10 MP: 3/3
   135 | D:1      | Reached skill level 4 in Earth Magic
   188 | D:1      | Reached XP level 2. HP: 15/15 MP: 1/5
   455 | D:1      | Reached XP level 3. HP: 4/19 MP: 1/6
  1289 | D:2      | Reached XP level 4. HP: 24/24 MP: 6/8
  1371 | D:2      | Reached skill level 5 in Earth Magic
  1956 | D:2      | Found an opulent altar of Gozag.
  1963 | D:2      | Found an ancient bone altar of Kikubaaqudgha.
  2187 | D:3      | Reached XP level 5. HP: 25/28 MP: 1/10
  2751 | D:4      | Noticed a black bear
  2768 | D:3      | Killed a black bear
  2768 | D:3      | Reached skill level 6 in Earth Magic
  2768 | D:3      | Reached XP level 6. HP: 30/32 MP: 8/12
  3130 | D:3      | Learned a level 3 spell: Stone Arrow
  3473 | D:4      | Found a burning altar of Makhleb.
  3473 | D:4      | Found a radiant altar of Vehumet.
  3527 | D:4      | Became a worshipper of Vehumet
  3616 | D:4      | Found Xubyah's Antique Armour Shoppe.
  3625 | D:4      | Reached skill level 1 in Conjurations
  3745 | D:4      | Reached skill level 7 in Earth Magic
  3745 | D:4      | Reached XP level 7. HP: 23/36 MP: 1/14
  4282 | D:4      | Found a stormy altar of Qazlal.
  4461 | D:4      | Reached skill level 5 in Spellcasting
  4834 | D:5      | Entered Level 5 of the Dungeon
  5550 | D:5      | Reached XP level 8. HP: 34/41 MP: 7/16
  5552 | D:5      | Reached * piety under Vehumet
  5552 | D:5      | Offered knowledge of Foxfire by Vehumet.
  5552 | D:5      | Reached skill level 8 in Earth Magic
  5831 | D:5      | Found a runed translucent door.
  5832 | D:5      | Noticed Crazy Yiuf
  5837 | D:5      | Killed Crazy Yiuf
  6138 | D:5      | Found a glowing golden altar of the Shining One.
  6910 | D:6      | Reached skill level 5 in Conjurations
  7118 | D:6      | Reached skill level 9 in Earth Magic
  7119 | D:6      | Found a transporter.
  7124 | D:6      | You fall into a shaft and drop 3 floors!
  7134 | D:9      | Noticed a hippogriff
  7140 | D:9      | Killed a hippogriff
  7140 | D:9      | Reached XP level 9. HP: 45/45 MP: 2/19
  7277 | D:8      | Noticed a death yak
  7277 | D:8      | Noticed a death yak
  7291 | D:9      | Slain by a death yak

Levels and vault maps discovered:
D:1:      dpeg_arrival_leaves_temple_mockup, layout_rooms
D:2:      layout_loops_ring, amethyst_overflow_temple_binary
D:3:      layout_basic, first_ration
D:4:      layout_basic, grunt_temple_overflow_lords_of_destruction,
          nicolae_qazlal_eye_of_the_storm, serial_shops, shop,
          kennysheep_generic_room_4
D:5:      layout_basic, nicolae_tso_besieged_by_evil, uniq_crazy_yiuf_cottage
D:6:      gammafunk_wand_slinger, layout_rooms, xom_teletrap_fun
D:8:      layout_cave_pools, dpeg_lair_monsters, serial_shops,
          nicolae_shop_trees, serial_column_ruins, column_ruins_temple_hut,
          column_ruins_grid_2, column_ruins_columns_dead_end,
          column_ruins_corridor_T, column_ruins_open_tiny, column_ruins_grid_4,
          uniq_grum, uniq_pikel
D:9:      cheibrodos_wizards_tower, layout_long_grid, ebering_ghost_rock_garden,
          uniq_gastronok

Skill      XL: |  1  2  3  4  5  6  7  8 |
---------------+-------------------------+-----
Earth Magic    | 4 5 6 7 9 |  9.3
Spellcasting   | 3 4 5 6 |  6.7
Conjurations   | 1 3 5 |  5.8
Dodging        | |  1.5
Stealth        | |  2.1
Transmutations | |  0.7

Action                   |  1- 3 |  4- 6 |  7- 9 || total
-------------------------+-------+-------+-------++-------
Melee: Flail             |       |    33 |    24 ||    57
       Mace              |       |       |     9 ||     9
Throw: Stone             |     2 |       |       ||     2
 Cast: Sandblast         |    45 |    67 |    56 ||   168
       Stone Arrow       |       |    14 |    67 ||    81
  Use: Scroll            |       |     4 |     4 ||     8
  Eat: Chunk             |     1 |     9 |     8 ||    18
       Ration            |       |       |     2 ||     2
Armor: Robe              |     3 |    20 |    25 ||    48
Dodge: Dodged            |     5 |    39 |    35 ||    79
Block: Buckler           |       |     5 |    12 ||    17

Table legend:
 A = Non-vault XP
 B = Vault XP
 C = Vault XP percentage of total XP
 D = Non-vault monster count
 E = Vault monster count
 F = Vault count percentage of total count
                 A         B        C        D         E       F
            +---------+---------+-------+---------+---------+-------
      Total |    2448 |     147 |   5.7 |     129 |      13 |   9.2
            +---------+---------+-------+---------+---------+-------
        D:1 |      49 |       0 |   0.0 |      23 |       0 |   0.0
        D:2 |      84 |       0 |   0.0 |      33 |       0 |   0.0
        D:3 |     289 |       0 |   0.0 |      16 |       0 |   0.0
        D:4 |     427 |      48 |  10.1 |      19 |       1 |   5.0
        D:5 |     965 |      99 |   9.3 |      32 |      12 |  27.3
        D:6 |     379 |       0 |   0.0 |       5 |       0 |   0.0
        D:9 |     255 |       0 |   0.0 |       1 |       0 |   0.0
            +---------+---------+-------+---------+---------+-------
